 Dungeon Crawl Stone Soup version 0.21-a0-125-gb006224 (webtiles) character file.

25 GordonOverkill the Vexing (level 2, -2/11 HPs)
             Began as a Felid Enchanter on July 15, 2017.
             Slain by a worm (10 damage)
             ... on level 1 of the Dungeon.
             The game lasted 00:02:27 (2021 turns).

GordonOverkill the Vexing (Felid Enchanter)         Turns: 2021, Time: 00:02:27

Health: -2/11      AC:  1    Str:  4    XL:     2   Next: 82%
Magic:  2/6        EV: 18    Int: 16    God:
Gold:   25         SH:  0    Dex: 16    Spells: 3/6 levels left
                                        Lives:  0   Deaths: 0

rFire    . . .     SeeInvis +     - Unarmed
rCold    . . .     Gourm    .   (shield unavailable)
rNeg     . . .     Faith    .   (armour unavailable)
rPois    .         Spirit   .   (helmet unavailable)
rElec    .         Reflect  .   (cloak unavailable)
rCorr    .         Harm     .   (gloves unavailable)
MR       .....                  (boots unavailable)
Stlth    +++.......             (no amulet)
HPRegen  0.03/turn              (no ring)
MPRegen  0.10/turn              (no ring)

@: quick
A: no armour, no weapons or thrown items, stealth, claws 1, fangs 3, see
invisible, carnivore 3, speed 1, shaggy fur 1, slow metabolism 1, sharp paws
a: no special abilities


You were on level 1 of the Dungeon.
You were very full.

You visited 1 branch of the dungeon, and saw 2 of its levels.

You collected 25 gold pieces.

Inventory:

Scrolls
 c - 5 scrolls of identify {unknown}
 f - a scroll of noise {unknown}
Potions
 d - a potion of brilliance {unknown}
 e - a potion of magic {unknown}
Books
 a - a book of Maledictions

   Spells                             Type                      Level
   a - Corona                         Hexes                        1
   b - Ensorcelled Hibernation        Hexes/Ice                    2
   c - Confuse                        Hexes                        3
   d - Tukima's Dance                 Hexes                        3
   e - Dazzling Spray                 Conjuration/Hexes            3
Comestibles
 b - a meat ration


   Skills:
 - Level 2.6 Dodging
 + Level 4.4 Stealth
 - Level 1.0 Unarmed Combat
 + Level 2.5 Spellcasting
 + Level 5.0 Hexes


You had 3 spell levels left.
You knew the following spells:

 Your Spells              Type           Power        Failure   Level  Hunger
a - Corona                Hex            ###....      2%          1    #......
b - Ensorcelled Hibernat  Hex/Ice        ##....       11%         2    ##.....


Dungeon Overview and Level Annotations

Branches:
Dungeon (2/15)

Altars:


Innate Abilities, Weirdness & Mutations

You cannot wear armour.
You are incapable of wielding weapons or throwing items.
Your paws allow you to move quietly. (Stealth)
You have sharp claws.
You have razor-sharp teeth.
You have supernaturally acute eyesight. (SInv)
You are carnivorous and can eat meat at any time.
You cover ground quickly.
You are covered in fur. (AC +1)
You have a slow metabolism.
Your sharp claws are effective at attacking unaware monsters.


Message History

You climb upwards.
There is a stone staircase leading down here.
Casting: Ensorcelled Hibernation
Confirm with . or Enter, or press ? or * to list all spells.
Aiming: Ensorcelled Hibernation
Press: ? - help, Shift-Dir - straight line, f - ball python
Aim: a ball python (chance to defeat MR: 59%)
The ball python resists with significant effort.
The ball python barely misses you. The ball python closely misses you.
The worm closely misses you.
Casting: Ensorcelled Hibernation
Confirm with . or Enter, or press ? or * to list all spells.
Aiming: Ensorcelled Hibernation
Press: ? - help, Shift-Dir - straight line, f - worm, p - ball python
Aim: a worm (chance to defeat MR: 50%)
The worm resists with some effort.
The ball python bites you but does no damage.
The ball python misses you. The worm bites you!
Ouch! That really hurt!
You die...

#.......#.# #.......#
#.#####.#'########.......#
#.#...............#####.##
#.##.##...........# #)...
#.................####..#.
####.##)#.................
#.##.#b############..##
#.##.#S############....
#.##.#@w...............
#.##.#############...## #.##.#
#...# #.##.# ########...#
###########.##.# #.....###'###
#............#.# #.....# #....
#.############.######.....#######
#.# #.#....'...........' #.#
#....###.....#######


You could see a worm, a bat and a ball python.

Vanquished Creatures
  2 dart slugs (D:1)
  A leopard gecko (D:1)
  A bat (D:1)
  6 goblins (D:1)
  2 hobgoblins (D:1)
  A frilled lizard (D:1)
  4 kobolds (D:1)
  A rat (D:1)
18 creatures vanquished.

Notes
Turn   | Place    | Note
-------+----------+-------------------------------------------
     0 | D:1      | GordonOverkill the Felid Enchanter began the quest for the Orb.
     0 | D:1      | Reached XP level 1. HP: 7/7 MP: 4/4
   516 | D:1      | Reached XP level 2. HP: 5/11 MP: 4/6
   696 | D:1      | Learned a level 2 spell: Ensorcelled Hibernation
  1585 | D:1      | Reached skill level 5 in Hexes
  2021 | D:1      | Slain by a worm

Vault maps used:
D:1:      elethiomel_arrival_quiet
D:2:      lemuel_doored_altar

Skill      XL: |  1  2 |
---------------+-------+-----
Hexes          | 5 |  5.0
Dodging        | |  2.6
Stealth        | |  4.4
Unarmed Combat | |  1.0
Spellcasting   | |  2.5

Action                   || total
-------------------------++-------
Melee: Unarmed           ||    52
       Bite              ||     1
 Cast: Corona            ||     5
       Ensorcelled Hiber ||    19
 Stab: Sleeping          ||    12
  Eat: Chunk             ||    10
Armor: Skin              ||    12
Dodge: Dodged            ||    63
